 Dungeon Crawl Stone Soup version 0.29.1-1-gd02db6906a (webtiles) character file.

Game seed: 9812006640299216685

4125 EvilAshe the Spear-Bearer (level 10, -10/76 HPs)
             Began as a Merfolk Gladiator on Sept 21, 2022.
             Was a Priest of Makhleb.
             Mangled by a two-headed ogre
             ... wielding a +0 giant club
              (26 damage)
             ... on level 10 of the Dungeon.
             The game lasted 00:26:45 (9056 turns).

EvilAshe the Spear-Bearer (Merfolk Gladiator)       Turns: 9056, Time: 00:26:46

Health: -10/76     AC:  1    Str: 18    XL:     10   Next: 27%
Magic:  11/11      EV: 15    Int:  8    God:    Makhleb [***...]
Gold:   693        SH:  3    Dex: 16    Spells: 0/9 levels left

rFire   . . .      SeeInvis .   a - +0 trident (venom)
rCold   . . .      Faith    .   F - +0 buckler
rNeg    . . .      Spirit   .   B - +0 leather armour
rPois   +          Reflect  .   c - +0 helmet
rElec   .          Harm     .   D - +0 cloak
rCorr   .          Rampage  .   l - +0 pair of gloves
Will    .....                   (no boots)
Stlth   +.........              u - amulet of regeneration
HPRegen 1.02/turn               r - ring of poison resistance
MPRegen 0.12/turn               (no ring)

@: about to teleport, corroded
A: (nimble swimmer 2), mertail, deformed body, shaggy fur 1, noise suppression
a: Renounce Religion, Minor Destruction, Lesser Servant of Makhleb


You were on level 10 of the Dungeon.
You worshipped Makhleb.
Makhleb was most pleased with you.
You visited 1 branch of the dungeon, and saw 10 of its levels.
You also visited: Sewer.

You collected 693 gold pieces.

Inventory:

Hand Weapons
 a - a +0 trident of venom (weapon)
 b - a +0 halberd of protection
 z - a +0 glaive
Missiles
 d - 2 throwing nets
 e - a javelin
 s - 12 poisoned darts (quivered)
 t - 9 boomerangs
Armour
 c - a +0 helmet (worn)
 k - a scarf of invisibility
 l - a +0 pair of gloves (worn)
 B - a +0 leather armour (worn)
 D - a +0 cloak (worn)
 F - a +0 buckler (worn)
Jewellery
 r - a ring of poison resistance (left hand)
 u - an amulet of regeneration (around neck)
 y - a +6 ring of strength
 C - a ring of positive energy
Wands
 A - a wand of mindburst (9)
 E - a wand of iceblast (5)
Scrolls
 f - a scroll of blinking
 g - 3 scrolls of amnesia {unknown}
 n - a scroll of identify
 o - a scroll of butterflies {unknown}
 p - a scroll of teleportation
 v - a scroll of enchant weapon {unknown}
 H - 2 scrolls of magic mapping {unknown}
 I - 3 scrolls of poison {unknown}
 J - a scroll of silence {unknown}
 M - a scroll of fear {unknown}
Potions
 h - 3 potions of curing
 i - 3 potions of magic
 j - a potion of invisibility {unknown}
 m - a potion of heal wounds {unknown}
 q - 5 potions of flight
 w - a potion of cancellation {unknown}
 x - 2 potions of attraction {unknown}
 G - 2 potions of haste {unknown}
 K - a potion of berserk rage {unknown}
 L - 3 potions of might {unknown}


   Skills:
 + Level 6.2 Fighting
 - Level 14.0 Polearms
 - Level 2.0 Throwing
 + Level 8.0 Dodging
 + Level 1.7 Summonings
 - Level 8.1 Transmutations
 + Level 1.5 Invocations


You couldn't memorise any spells.
You knew the following spells:

 Your Spells              Type           Power      Damage    Failure   Level
a - Wereblood             Tmut           12%        N/A       4%          2
b - Summon Hydra          Summ           1%         N/A       100%        7

Your spell library contained the following spells:

 Spells                   Type           Power      Damage    Failure   Level
 Passwall                 Tmut/Erth      5%         N/A       22%         2
 Magic Dart               Conj           0%         1d3       58%         1
 Sandblast                Erth           0%         2d4       58%         1
 Searing Ray              Conj           0%         2d4       73%         2
 Sublimation of Blood     Necr           0%         N/A       73%         2
 Dazzling Flash           Conj/Hex       0%         N/A       91%         3
 Inner Flame              Hex/Fire       0%         N/A       91%         3
 Stone Arrow              Conj/Erth      0%         3d7       91%         3
 Fulminant Prism          Conj/Hex       0%         3d6       100%        4
 Iskenderun's Mystic Bla  Conj/Tloc      0%         2d3       100%        4
 Fireball                 Conj/Fire      0%         3d3       100%        5
 Starburst                Conj/Fire      0%         6d3       100%        6
 Fire Storm               Conj/Fire      0%         5d1       100%        9


Dungeon Overview and Level Annotations

Branches:
Dungeon (10/15)            Temple (0/1) D:7           Sewer (visited)
   Lair: D:8-11         Orc: D:9-12

Altars:
Ashenzari
Cheibriados
Elyvilon
Makhleb
Nemelex Xobeh
Qazlal
Ru
Sif Muna
Trog
Vehumet
Yredelemnul
Zin

Shops:
D:1 =   D:4 [!

Annotations:
D:4 1 runed translucent door


Innate Abilities, Weirdness & Mutations

((You are very nimble when in or above water. (Stealth+, EV+, Speed+++)))
Your lower body shifts to a powerful aquatic tail in water.
Armour fits poorly on your strangely shaped body.
You are covered in fur. (AC +1)
You passively dampen the noise of your surroundings.


Message History

The acid dragon is lightly wounded.
The acid dragon bites you. The acid dragon barely misses you.
You hit the acid dragon but do no damage.
The acid dragon is lightly wounded.
You hit the acid dragon.
The acid dragon is moderately wounded.
The acid dragon barely misses you. The acid dragon misses you.
You closely miss the acid dragon.
The acid dragon is moderately wounded.
The acid dragon bites you! You block the acid dragon's attack.
You closely miss the acid dragon.
The acid dragon is moderately wounded.
You completely miss the acid dragon.
The acid dragon is moderately wounded.
The acid dragon closely misses you. The acid dragon claws you.
You closely miss the acid dragon.
The acid dragon is moderately wounded.
The acid dragon spits acid at you. The splash of acid hits you!!
The acid corrodes you!
Okay, then.
As you read the scroll of teleportation, it crumbles to dust.
You feel strangely unstable. You block the acid dragon's attack.
The acid dragon claws you.
There is a stone staircase leading up here.
You stop ascending the stairs.
Your surroundings suddenly seem different.
A steam dragon and a two-headed ogre come into view.
Found a scroll labelled JEAZYF PYC BUDD and 18 gold pieces.
The steam dragon hisses angrily.
The two-headed ogre shouts in stereo!
The steam dragon breathes steam at you. The ball of steam hits you!
* * * LOW HITPOINT WARNING * * *
As you read the scroll of teleportation, it crumbles to dust.
You feel strangely unstable.
You are engulfed in a cloud of scalding steam.
* * * LOW HITPOINT WARNING * * *
The two-headed ogre attacks as you move away!
The two-headed ogre barely misses you.
The two-headed ogre hits you with a +0 giant club!!
You die...

.... #... #...
#... #...
####.$?########
........§......
#.@§......
#DO####### #§§#
#..# #... #...
#... #....


You could see a two-headed ogre and a steam dragon (catching breath).

Vanquished Creatures
  A two-headed ogre (D:8)
  A troll (D:9)
  Menkaure (D:6)
  4 water moccasins
  3 black bears
  2 ice beasts
  An ogre (D:7)
  A centaur (D:8)
  2 phantoms
  Blork the orc (D:6)
  2 bullfrogs (D:6)
  2 necrophages
  A gnoll sergeant (D:9)
  2 scorpions
  3 wights (D:5)
  A water moccasin skeleton (D:3)
  4 killer bees (D:6)
  4 howler monkeys
  3 orc priests
  7 hounds
  A centaur zombie (D:3)
  Crazy Yiuf (D:6)
  3 iguanas
  7 orc wizards
  A hound zombie (D:3)
  Robin (D:3)
  10 gnolls
  A howler monkey skeleton (D:3)
  8 adders
  5 river rats (Sewer)
  2 white imps
  An ufetubus (D:5)
  An adder skeleton (D:3)
  A worm (D:2)
  3 dart slugs
  26 orcs
  6 ball pythons
  5 endoplasms
  7 giant cockroaches
  14 goblins
  8 hobgoblins
  6 jackals
  12 kobolds
  6 quokkas
  A ball python skeleton (D:3)
  9 bats
  7 frilled lizards
  A quokka skeleton (D:3)
  8 rats
208 creatures vanquished.

Vanquished Creatures (others)
  A goblin (D:4)
  9 fungi (D:9)
  11 plants (D:9)
  A withered plant (D:3)
22 creatures vanquished.

Grand Total: 230 creatures vanquished

Notes
Turn   | Place    | Note
-------+----------+-------------------------------------------
     0 | D:1      | EvilAshe the Merfolk Gladiator began the quest for the Orb.
     0 | D:1      | Reached XP level 1. HP: 16/16 MP: 1/1
   101 | D:1      | Reached XP level 2. HP: 22/22 MP: 2/2
   117 | D:1      | Reached skill level 5 in Polearms
   124 | D:1      | Found a faded altar of an unknown god.
   316 | D:1      | Found Gygy's Jewellery Shop.
   432 | D:1      | Reached XP level 3. HP: 27/27 MP: 3/3
   786 | D:1      | Learned a level 2 spell: Wereblood
  1153 | D:2      | Reached skill level 6 in Polearms
  1492 | D:3      | Reached skill level 1 in Transmutations
  1492 | D:3      | Reached XP level 4. HP: 29/33 MP: 4/4
  1690 | D:3      | Reached XP level 5. HP: 11/38 MP: 5/5
  1934 | D:3      | Reached skill level 7 in Polearms
  2171 | D:4      | Found Pell's Distillery.
  2195 | D:4      | Found Qasirph's Antique Armour Emporium.
  2255 | D:4      | Noticed Robin
  2303 | D:3      | Killed Robin
  2599 | D:4      | Found a burning altar of Makhleb.
  2604 | D:4      | Reached XP level 6. HP: 43/44 MP: 6/6
  2608 | D:4      | Became a worshipper of Makhleb the Destroyer
  2622 | D:4      | Reached skill level 8 in Polearms
  2627 | D:4      | Identified the +2 robe of Charity {Int+4}
  2649 | D:4      | Found a glowing drain.
  2653 | Sewer    | Entered a sewer
  3325 | Sewer    | Reached * piety under Makhleb
  3853 | D:3      | Found a shimmering blue altar of Sif Muna.
  4361 | D:3      | Reached XP level 7. HP: 20/50 MP: 5/7
  4591 | D:4      | Found a runed translucent door.
  4591 | D:4      | Noticed a human
  4592 | D:4      | Found a basalt altar of Yredelemnul.
  4632 | D:4      | Reached skill level 9 in Polearms
  4777 | D:4      | Found a radiant altar of Vehumet.
  4777 | D:4      | Found a glowing silver altar of Zin.
  4783 | D:4      | Found a bloodstained altar of Trog.
  4787 | D:4      | Found a faded altar of an unknown god.
  4789 | D:4      | Found a sacrificial altar of Ru.
  4997 | D:5      | Entered Level 5 of the Dungeon
  5084 | D:5      | Reached skill level 5 in Transmutations
  5381 | D:5      | Noticed a water elemental
  5384 | D:5      | Found a stormy altar of Qazlal.
  5386 | D:5      | Noticed a fire elemental
  5386 | D:5      | Noticed an air elemental
  5396 | D:5      | Reached skill level 10 in Polearms
  5443 | D:6      | Reached XP level 8. HP: 50/56 MP: 8/8
  5452 | D:6      | Noticed Blork the orc
  5453 | D:6      | Reached ** piety under Makhleb
  5496 | D:5      | Found a white marble altar of Elyvilon.
  5525 | D:5      | Reached skill level 11 in Polearms
  5961 | D:6      | Reached skill level 12 in Polearms
  6137 | D:6      | Reached XP level 9. HP: 61/61 MP: 6/9
  6147 | D:6      | Killed Blork the orc
  6198 | D:6      | Noticed Menkaure
  6212 | D:6      | Gained mutation: Armour fits poorly on your strangely
                  | shaped body. [potion of mutation]
  6212 | D:6      | Gained mutation: You are covered in fur. (AC +1) [potion of
                  | mutation]
  6212 | D:6      | Gained mutation: You passively dampen the noise of your
                  | surroundings. [potion of mutation]
  6215 | D:6      | Killed Menkaure
  6216 | D:6      | Reached skill level 13 in Polearms
  6255 | D:6      | Found a snail-covered altar of Cheibriados.
  6460 | D:6      | Found a sparkling altar of Nemelex Xobeh.
  6523 | D:6      | Got the Dissertation on Maledictive Ignition
  6715 | D:6      | Found a runed translucent door.
  6716 | D:6      | Noticed Crazy Yiuf
  6858 | D:6      | Killed Crazy Yiuf
  7260 | D:7      | Reached skill level 5 in Dodging
  7449 | D:7      | Found a staircase to the Ecumenical Temple.
  7693 | D:7      | Found a broken altar of Ashenzari.
  7767 | D:7      | Reached *** piety under Makhleb
  7778 | D:7      | Reached skill level 14 in Polearms
  8126 | D:8      | Noticed a two-headed ogre
  8182 | D:8      | Killed a two-headed ogre
  8183 | D:8      | Reached skill level 5 in Fighting
  8183 | D:8      | Reached XP level 10. HP: 76/76 MP: 10/10
  8201 | D:8      | Learned a level 7 spell: Summon Hydra
  8808 | D:10     | Entered Level 10 of the Dungeon
  8843 | D:9      | Reached skill level 1 in Summonings
  8893 | D:9      | Reached skill level 1 in Invocations
  9054 | D:10     | Noticed a two-headed ogre
  9056 | D:10     | Mangled by a two-headed ogre

Illustrated notes

Levels and vault maps discovered:
D:1:      roderic_octagonal_star, layout_rooms, serial_shops, shop,
          serial_forest, infiniplex_forest_zigzag_1,
          infiniplex_forest_lined_corner, infiniplex_forest_clump_double,
          infiniplex_forest_clump_tiny, ebering_ecumenical_altar_webs
D:2:      layout_basic, grunt_decor_one_mirror, amcnicky_mini_pool_small
D:3:      layout_loops_corners, mainiacjoe_overflow_surrounded_room,
          serial_undead, serial_undead_f, serial_undead_f, serial_undead_e,
          serial_undead_a, serial_undead_f, serial_undead_c, serial_undead_a,
          serial_undead_b
D:4:      layout_rooms, makhleb_heckhound_becter, dk_yredelemnul_ordeal,
          chequers_temple_overflow_minitemple, gup_sewer_entry_bowl,
          nicolae_take_the_stairs, minmay_shop_grid_forest, uniq_robin
D:5:      layout_gridville, elyvilon_altar_3, nicolae_qazlal_style_of_elements
D:6:      layout_loops_ring, hangedman_feature_mirror,
          kennysheep_generic_room_2, uniq_blork_the_orc, uniq_menkaure,
          uniq_crazy_yiuf_cottage
D:7:      layout_rooms, ashenzari_altar_1, minmay_temple_entry_ruins
D:8:      layout_loops_corners
D:9:      layout_long_grid, gammafunk_temple_overflow_elements,
          grunt_lair_entry_orc_guard_hut
D:10:     layout_small_grid, kennysheep_mini_moat, uniq_erolcha

Skill      XL: |  1  2  3  4  5  6  7  8  9 10 |
---------------+-------------------------------+-----
Polearms       | 5 6 7 8 10 12 14 | 14.0
Transmutations | 1 2 3 4 5 7 8 |  8.1
Fighting       | 5 6 |  6.2
Dodging        | 7 8 |  8.0
Summonings     | 1 |  1.7
Invocations    | 1 |  1.5
Throwing       | |  2.0

Action                   |  1- 3 |  4- 6 |  7- 9 | 10-12 || total
-------------------------+-------+-------+-------+-------++-------
Melee: Trident           |    97 |   257 |   329 |    82 ||   765
       Punch             |     1 |     1 |     2 |       ||     4
       Halberd           |       |       |    19 |       ||    19
Throw: Dart              |       |     3 |    13 |     5 ||    21
       Boomerang         |       |       |     8 |       ||     8
       Throwing net      |       |       |     2 |     1 ||     3
 Cast: Wereblood         |       |     4 |     8 |     2 ||    14
Evoke: Wand              |       |       |     1 |       ||     1
  Use: Scroll            |       |     4 |     4 |     2 ||    10
       Potion            |       |     1 |     2 |       ||     3
 Stab: Sleeping          |     2 |     6 |     1 |     1 ||    10
       Held in net/web   |       |       |     5 |     2 ||     7
Armor: Leather armour    |    16 |    83 |    43 |     8 ||   150
Dodge: Dodged            |    37 |   159 |   138 |    26 ||   360
Block: Buckler           |       |       |     8 |     5 ||    13
